 Dungeon Crawl Stone Soup version 0.27.0-1-g7a089689b8 (webtiles) character file.

Game seed: 6453947500546229960

142 Kinoniko the Chopper (level 5, -2/61 HPs)
             Began as a Demonspawn Berserker on Aug 6, 2021.
             Was a Believer of Trog.
             Slain by an orc warrior (11 damage)
             ... on level 4 of the Dungeon.
             The game lasted 00:02:25 (4115 turns).

Kinoniko the Chopper (Demonspawn Berserker)         Turns: 4115, Time: 00:02:26

Health: -2/61      AC:  6    Str: 18    XL:     5   Next: 3%
Magic:  5/5        EV: 10    Int:  9    God:    Trog [**....]
Gold:   178        SH:  0    Dex: 12    Spells: 4/4 levels left

rFire    . . .     SeeInvis .   a - +0 hand axe
rCold    . . .     Faith    .   (no shield)
rNeg     . . .     Spirit   .   p - +0 scale mail
rPois    .         Reflect  .   (helmet restricted)
rElec    .         Harm     .   (no cloak)
rCorr    .         Rampage  .   (no gloves)
Will     .....                  (no boots)
Stlth    ..........             (no amulet)
HPRegen  0.20/turn              (no ring)
MPRegen  0.09/turn              (no ring)

@: berserking (expiring), very quick
A: antennae 1, foul stench 2
a: Renounce Religion, Berserk, Trog's Hand


You were on level 4 of the Dungeon.
You worshipped Trog.
Trog was pleased with you.
You visited 1 branch of the dungeon, and saw 4 of its levels.

You collected 178 gold pieces.

Inventory:

Hand Weapons
 a - a +0 hand axe (weapon)
Armour
 p - a +0 scale mail (worn)
Scrolls
 b - 2 scrolls of noise {unknown}
 c - 2 scrolls of identify {unknown}
 h - a scroll of teleportation {unknown}
 l - a scroll of vulnerability {unknown}
 o - a scroll of fog {unknown}
Potions
 d - a potion of attraction {unknown}
 e - a potion of cancellation {unknown}
 f - a potion of heal wounds {unknown}
 g - a potion of brilliance {unknown}
 i - 2 potions of degeneration {unknown}
 j - 2 potions of flight {unknown}
 k - a potion of curing {unknown}
 m - 2 potions of might {unknown}
 n - a potion of mutation {unknown}


   Skills:
 - Level 3.0 Fighting
 * Level 5.2 Axes
 - Level 1.7 Armour
 - Level 1.7 Dodging


You had 4 spell levels left.
You didn't know any spells.
Your spell library was empty.

Dungeon Overview and Level Annotations

Branches:
Dungeon (4/15)
 Temple: D:4-7

Altars:


Innate Abilities, Weirdness & Mutations

You have a pair of small antennae on your head.
You sometimes emit foul miasma when damaged in melee.


Message History

An orc is wielding a +0 club and quivering silver boomerangs.
The orc warrior shouts!
The orc shouts!
You hear a shout!
A red film seems to cover your vision as you go berserk!
You feel yourself moving faster!
You feel mighty!
You slash the orc!
You kill the orc!
Trog accepts your kill.
An orc comes into view. It is wielding a +0 dagger.
The orc shouts!
There is an open door here.
Items here: ( ) [ †.
You hit the orc warrior but do no damage.
An orc opens the large door.
You closely miss the orc warrior. You hit the orc warrior.
The orc warrior is lightly wounded.
The orc warrior hits you with a +0 battleaxe!
You barely miss the orc warrior.
The orc warrior hits you with a +0 battleaxe!
You barely miss the orc warrior.
The orc warrior hits you with a +0 battleaxe!
You are too injured to fight recklessly!
You are too injured to fight recklessly!
You are too injured to fight recklessly!
You are too injured to fight recklessly!
You closely miss the orc warrior. You hit the orc warrior.
The orc warrior is lightly wounded.
The orc warrior hits you with a +0 battleaxe!!
* * * LOW HITPOINT WARNING * * *
You hit the orc warrior.
The orc warrior is moderately wounded.
The orc warrior barely misses you.
You hit the orc warrior.
The orc warrior is heavily wounded.
Unknown command.
You barely miss the orc warrior.
The orc warrior is heavily wounded.
The orc warrior hits you with a +0 battleaxe!
You die...

......#
#....##
#######
##.(..## ..##
##....##...##
##....+'.8.+
##..##...#
##..##...#
##..##.oo#
#..##.8o# .#
#.####@##..#
#........#
##########


You could see an orc warrior and 2 orcs.

Vanquished Creatures
  A scorpion (D:3)
  Natasha (D:3)
  A worm (D:3)
  2 dart slugs
  An orc (D:4)
  5 endoplasms
  3 giant cockroaches
  3 goblins
  9 hobgoblins
  2 quokkas (D:1)
  5 ball pythons
  6 bats
  2 frilled lizards
  4 kobolds
  7 rats
52 creatures vanquished.

Notes
Turn   | Place    | Note
-------+----------+-------------------------------------------
     0 | D:1      | Kinoniko the Demonspawn Berserker began the quest for the
                  | Orb.
     0 | D:1      | Reached XP level 1. HP: 18/18 MP: 1/1
   273 | D:1      | HP: 1/27 [frozen (2)]
   277 | D:1      | Reached skill level 3 in Axes
   563 | D:1      | Found a faded altar of an unknown god.
   601 | D:1      | Gained mutation: You may rarely emit foul miasma when
                  | damaged in melee. [demonic ancestry]
   601 | D:1      | Reached XP level 2. HP: 24/24 MP: 2/2
  1595 | D:1      | Gained mutation: You have a pair of small antennae on your
                  | head. [demonic ancestry]
  1595 | D:1      | Reached XP level 3. HP: 28/29 MP: 3/3
  1808 | D:1      | Reached ** piety under Trog
  1937 | D:2      | Reached skill level 4 in Axes
  2906 | D:3      | Noticed a scorpion
  2916 | D:3      | Killed a scorpion
  2917 | D:3      | Reached XP level 4. HP: 35/35 MP: 4/4
  3038 | D:3      | Noticed Natasha
  3043 | D:3      | Killed Natasha
  3044 | D:3      | Reached skill level 5 in Axes
  3563 | D:3      | Gained mutation: You sometimes emit foul miasma when
                  | damaged in melee. [demonic ancestry]
  3563 | D:3      | Reached XP level 5. HP: 37/41 MP: 5/5
  4102 | D:4      | Noticed an orc warrior
  4115 | D:4      | Slain by an orc warrior

Illustrated notes

Levels and vault maps discovered:
D:1:      minmay_arrival_semitransparent, layout_loops_corners,
          hellmonk_ecumenical_altar_crossroads, hangedman_feature_mirror
D:2:      layout_loops_cross, kennysheep_nondescript
D:3:      layout_loops_corners, uniq_natasha
D:4:      cheibrodos_thug_alley, layout_rooms, minmay_temple_entry_trees,
          grunt_decor_arrowhead

Skill      XL: |  1  2  3  4 |
---------------+-------------+-----
Axes           | 3 4 5 |  5.2
Fighting       | |  3.0
Armour         | |  1.7
Dodging        | |  1.7

Action                   |  1- 3 |  4- 6 || total
-------------------------+-------+-------++-------
Melee: Hand axe          |   146 |    51 ||   197
Invok: Berserk           |     3 |     2 ||     5
 Stab: Sleeping          |     1 |       ||     1
Armor: Animal skin       |    25 |       ||    25
       Scale mail        |     7 |    13 ||    20
       Leather armour    |     3 |       ||     3
Dodge: Dodged            |   113 |    25 ||   138
